 Dungeon Crawl Stone Soup version 0.28.0-53-g5a82cb258f (webtiles) character file.

Game seed: 16066899535686349894

154 Sanktem7 the Skirmisher (level 5, -2/48 HPs)
             Began as a Minotaur Fighter on June 3, 2022.
             Killed by nerve-wracking pain
             ... invoked by Grinder
              (13 damage)
             ... on level 3 of the Dungeon.
             The game lasted 00:04:54 (2273 turns).

Sanktem7 the Skirmisher (Minotaur Fighter)          Turns: 2273, Time: 00:04:54

Health: -2/48      AC: 10    Str: 22    XL:     5   Next: 13%
Magic:  4/4        EV:  9    Int:  5    God:
Gold:   112        SH:  4    Dex: 10    Spells: 4/4 levels left

rFire   . . .      SeeInvis +   a - +0 war axe {axe}
rCold   . . .      Faith    .   c - +0 buckler
rNeg    . . .      Spirit   .   b - +0 scale mail
rPois   .          Reflect  .   q - +2 hat
rElec   .          Harm     .   r - scarf {+Inv}
rCorr   .          Rampage  .   (no gloves)
Will    .....                   p - +0 pair of boots
Stlth   ..........              (no amulet)
HPRegen 0.16/turn               s - ring of see invisible
MPRegen 0.09/turn               m - ring of flight

@: flying
A: horns 2, retaliatory headbutt
a: Evoke Invisibility


You were on level 3 of the Dungeon.
You visited 1 branch of the dungeon, and saw 3 of its levels.

You collected 112 gold pieces.


Innate Abilities, Weirdness & Mutations

You have a pair of horns on your head.
You reflexively headbutt those who attack you in melee.


   Skills:
 * Level 5.0 Fighting
 * Level 4.2 Axes
 + Level 4.3 Armour
 + Level 4.3 Shields


You had 4 spell levels left.
You didn't know any spells.
Your spell library contained the following spells:

 Spells                   Type           Power      Damage    Failure   Level
 Slow                     Hex            0%         N/A       87%         1
 Confusing Touch          Hex            0%         N/A       99%         3
 Gell's Gravitas          Tloc           0%         N/A       99%         3
 Teleport Other           Tloc           0%         N/A       99%         3
 Vampiric Draining        Necr           0%         2d6       99%         3
 Dispersal                Tloc           0%         N/A       100%        6

Inventory:

Hand Weapons
 a - a +0 war axe (weapon) {axe}
Missiles
 e - 7 boomerangs (quivered) {throwing}
 g - 12 stones {throwing}
 k - 4 javelins {throwing}
Armour
 b - a +0 scale mail (worn)
 c - a +0 buckler (worn)
 p - a +0 pair of boots (worn)
   (You found it on level 2 of the Dungeon)
 q - a +2 hat (worn)
   (You found it on level 2 of the Dungeon)
 r - a scarf of invisibility (worn)
   (You found it on level 2 of the Dungeon)
Jewellery
 m - a ring of flight (right hand)
   (You found it on level 2 of the Dungeon)
 s - a ring of see invisible (left hand)
   (You found it on level 1 of the Dungeon)
Scrolls
 h - a scroll of teleportation {unknown}
 i - a scroll of amnesia {unknown}
 l - 2 scrolls of identify {unknown}
 o - 2 scrolls of vulnerability {unknown}
Potions
 d - a potion of might
 f - a potion of degeneration {unknown}
 j - a potion of berserk rage {unknown}
 n - a potion of heal wounds {unknown}
 t - a potion of ambrosia {unknown}

Dungeon Overview and Level Annotations

Branches:
Dungeon (3/15)

Altars:

Shops:
D:2 *

Annotations:
D:3 Grinder

#.....#.# #.###.#.###
#.. #.....#
###.###.#.#######
#..##..........
#.......###..
######..###.# #...#..
##@.#.# #..####.#.#
#........5#
.......†........#
#..#####.....##...!####
## .....#####.....
.#.............#
#...####........## .
.## #.........


You could see Grinder.


Message History

😕 HP[-1]
You take 1 damage, and now have 41/42 hp.
You barely miss the goblin. Your headbutt misses the goblin.
The goblin hits you but does no damage.
You closely miss the goblin. You headbutt the goblin.
You kill the goblin!
No target in view!
No target in view!
No target in view!
No target in view!
No target in view!
Things that are here:
a +0 club {mace}; a goblin corpse; 😎 HP[+1]
Your hp is fully restored (42).
Things that are here:
a +0 club {mace}; a goblin corpse A bat and an adder come into view.
The adder hisses angrily.
You hear an angry hiss.
An adder comes into view.
There are monsters nearby!
The bat hits you but does no damage.
You barely miss the bat. The bat hits you but does no damage.
The bat closely misses you.
You completely miss the bat. The bat hits you but does no damage.
The adder bites you but does no damage.
You miss the adder. You miss the bat. The bat closely misses you.
You furiously retaliate!
You headbutt the bat, but do no damage. The bat closely misses you.
The adder closely misses you. You furiously retaliate!
You headbutt the adder. The adder closely misses you.
You block the adder's attack.
You closely miss the adder. Your headbutt misses the adder. You hit the adder.
You block the bat's attack. The adder closely misses you. The adder bites you.
You are poisoned.
The adder poisons you!
The adder bites you but does no damage. 😕 HP[-2]
You take 2 damage, and now have 40/42 hp.
You slash the adder!
You kill the adder!
You closely miss the bat. You hit the adder.
You feel sick. The bat hits you but does no damage. The bat barely misses you.
The adder barely misses you. You furiously retaliate!
You headbutt the adder.
You kill the adder!
The bat hits you but does no damage.
You have reached level 5! 😕 HP[+4] MP[+1]
You now have 48 max hp (+6).
You regained 4 hp, and now have 44/48 hp.
Your mp is fully restored (4).
You barely miss the bat.
You feel sick.
The bat hits you but does no damage. 😕 HP[-2]
You take 2 damage, and now have 42/48 hp.
You feel sick. The bat closely misses you. 😕 HP[-1]
You take 1 damage, and now have 41/48 hp.
You closely miss the bat.
You feel sick.
The bat hits you but does no damage. x3 😕 HP[-1]
You take 1 damage, and now have 40/48 hp.
You closely miss the bat.
You feel sick.
You are no longer poisoned.
The bat hits you but does no damage. You block the bat's attack.
You slash the bat!
You kill the bat!
No target in view!
No target in view!
Grinder is nearby! 😕 HP[+1] Grinder is nearby!
Grinder shouts!
No target in view!
Unknown command.
Grinder is nearby!
Grinder is nearby!
You barely miss Grinder. Grinder gestures at you.
Pain shoots through your body! 😮 HP[-14]
You take 14 damage, and now have 27/48 hp.
MASSIVE DAMAGE!! (PAUSE)
You closely miss Grinder. You headbutt Grinder!
Grinder hits you but does no damage.
You hit Grinder. Grinder gestures at you.
You suddenly lose the ability to move!
Grinder hits you.
* * * LOW HITPOINT WARNING * * *
You writhe in agony.
* * * LOW HITPOINT WARNING * * *
You can move again. 😨 HP[-10]
You take 10 damage, and now have 17/48 hp.
MASSIVE DAMAGE!! (PAUSE) Grinder gestures at you.
Pain shoots through your body!
* * * LOW HITPOINT WARNING * * *
😱 HP[-6]
You take 6 damage, and now have 11/48 hp.
Grinder says, "You look like you could use a good racking."
Grinder gestures at you. Pain shoots through your body!
You die...

Skill      XL: |  1  2  3  4 |
---------------+-------------+-----
Fighting       | 4 5 |  5.0
Axes           | 3 4 |  4.2
Armour         | 4 |  4.3
Shields        | 4 |  4.3

Action                   |  1- 3 |  4- 6 || total
-------------------------+-------+-------++-------
Melee: War axe           |    77 |    30 ||   107
       Headbutt          |    11 |     3 ||    14
Armor: Scale mail        |    39 |    29 ||    68
Dodge: Dodged            |    39 |    21 ||    60
Block: Buckler           |    23 |     7 ||    30

Levels and vault maps discovered:
D:1:      shiori_arrival_elements, layout_loops_corners, minmay_tromino_v4_a
D:2:      cheibrodos_helix_gallery, layout_basic, serial_shops,
          nicolae_shop_advertising_works [nicolae_subvault_shop_adworks],
          ebering_ecumenical_altar_rust
D:3:      layout_rooms, uniq_grinder

Notes
Turn   | Place    | Note
-------+----------+-------------------------------------------
     0 | D:1      | Sanktem7 the Minotaur Fighter began the quest for the Orb.
     0 | D:1      | Reached XP level 1. HP: 19/19 MP: 0/0
     0 | D:1      | magus.rc [v1.9.6]
   281 | D:1      | Reached XP level 2. HP: 22/27 MP: 1/1
   508 | D:1      | You fall into a shaft and drop 1 floor!
   514 | D:2      | Reached skill level 4 in Fighting
   514 | D:2      | Reached skill level 3 in Axes
   645 | D:2      | Reached XP level 3. HP: 33/33 MP: 2/2
   909 | D:2      | Found a faded altar of an unknown god.
   942 | D:2      | You add the spells Gell's Gravitas, Teleport Other and
                  | Dispersal to your library.
   968 | D:2      | Found Teoruo's Assorted Antiques.
  1167 | D:1      | You pick up a book of Debilitation and begin reading...
  1167 | D:1      | You add the spells Slow, Vampiric Draining and Confusing
                  | Touch to your library.
  1705 | D:3      | Noticed Grinder
  1708 | D:3      | Reached skill level 4 in Armour
  1708 | D:3      | Reached skill level 4 in Shields
  1714 | D:2      | HP: 8/34 [gnoll/+0 club (4)]
  1718 | D:2      | Reached XP level 4. HP: 7/41 MP: 3/3
  1986 | D:3      | Paralysed by Grinder for 3 turns
  2192 | D:3      | Reached skill level 5 in Fighting
  2192 | D:3      | Reached skill level 4 in Axes
  2255 | D:3      | Reached XP level 5. HP: 44/48 MP: 4/4
  2269 | D:3      | Paralysed by Grinder for 2 turns
  2271 | D:3      | HP: 11/48 [Grinder/nerve-wracking pain (6)]
  2273 | D:3      | Killed from afar by Grinder

Vanquished Creatures
  A centaur zombie (D:3)
  3 gnolls
  5 adders
  A dart slug (D:1)
  4 endoplasms
  3 giant cockroaches (D:1)
  4 goblins
  3 hobgoblins
  2 jackals (D:1)
  4 ball pythons
  5 bats
  3 frilled lizards (D:2)
  4 kobolds
  6 rats
48 creatures vanquished.

Table legend:
 A = Non-vault XP
 B = Vault XP
 C = Vault XP percentage of total XP
 D = Non-vault monster count
 E = Vault monster count
 F = Vault count percentage of total count
                 A         B        C        D         E       F
            +---------+---------+-------+---------+---------+-------
      Total |     216 |       4 |   1.8 |      44 |       4 |   8.3
            +---------+---------+-------+---------+---------+-------
        D:1 |      33 |       2 |   5.7 |      18 |       2 |  10.0
        D:2 |      58 |       2 |   3.3 |      13 |       2 |  13.3
        D:3 |     125 |       0 |   0.0 |      13 |       0 |   0.0
            +---------+---------+-------+---------+---------+-------

Illustrated notes

Table legend:
 A = Kills in this place as a percentage of kills in entire the game.
 B = Kills by you in this place as a percentage of kills by you in the entire game.
 C = Kills by friends in this place as a percentage of kills by friends in the entire game.
 D = Other kills in this place as a percentage of other kills in the entire game.
 E = Experience gained in this place as a percentage of experience gained in the entire game.
 F = Experience gained in this place divided by the number of levels of this place that you have seen.
                   A       B       C       D       E      F
               +-------+-------+-------+-------+-------+----------------------
         Total | 100.0 | 100.0 |   N/A |   N/A | 100.0 |  73.3
       Dungeon | 100.0 | 100.0 |   N/A |   N/A | 100.0 |  73.3
               +-------+-------+-------+-------+-------+----------------------

Table legend: (Time is in decaauts)
 A = Elapsed time spent in this place.
 B = Non-inter-level travel time spent in this place.
 C = Inter-level travel time spent in this place.
 D = Time resting spent in this place.
 E = Time spent auto-exploring this place.
 F = Levels seen in this place.
 G = Mean time per level.
                   A        B        C        D        E       F      G
               +--------+--------+--------+--------+--------+-----+--------+
         Total |   2315 |   2239 |     76 |    391 |   1512 |   3 |  771.7 |
       Dungeon |   2315 |   2239 |     76 |    391 |   1512 |   3 |  771.7 |
               +--------+--------+--------+--------+--------+-----+--------+

Top non-repeatable levels by time:
     D:2: 1107 daAuts
     D:1: 1069 daAuts
     D:3: 138 daAuts
